 Dungeon Sprint DCSS version 0.27-a0-550-ge92ec0ca06 (webtiles) character file.

Game seed: 2631534313614330838

1330 sahdkjhfkaj the Earth Mage (level 8, -3/41 HPs)
             Began as a Gargoyle Earth Elementalist on Mar 7, 2021.
             Was an Initiate of Vehumet.
             Slain by a two-headed ogre
             ... wielding a +0 giant club
              (19 damage)
             ... in the Dungeon (Sprint III: "The Ten Rune Challenge").
             The game lasted 00:01:59 (901 turns).

sahdkjhfkaj the Earth Mage (GrEE)                    Turns: 901, Time: 00:01:59

Health: -3/41      AC:  7    Str: 11    XL:     8   Next: 60%
Magic:  6/11       EV: 11    Int: 19    God:    Vehumet [......]
Gold:   22         SH:  0    Dex: 10    Spells: 5/11 levels left

rFire    . . .     SeeInvis .   p - +2 dagger (speed)
rCold    . . .     Faith    .   (no shield)
rNeg     + . .     Spirit   .   c - +0 robe
rPois    ∞         Reflect  .   (no helmet)
rElec    +         Harm     .   (no cloak)
rCorr    .         Rampage  .   (no gloves)
Will     .....     NoTele   +   (no boots)
Stlth    ++........             (no amulet)
HPRegen  0.13/turn              (no ring)
MPRegen  0.12/turn              (no ring)

@: no status effects
A: negative energy resistance 1, electricity resistance, torment resistance 1,
unbreathing 1, petrification resistance, AC +5
a: Renounce Religion


You were in the Dungeon.
You worshipped Vehumet.
Vehumet was noncommittal.
You visited 1 branch You collected 22 gold pieces.

Inventory:

Hand Weapons
 p - a +2 dagger of speed (weapon)
Missiles
 b - 14 stones
Armour
 c - a +0 robe (worn)
Wands
 a - a wand of digging (10)
Scrolls
 i - a scroll of blinking
 j - a scroll of holy word {unknown}
 k - 2 scrolls of identify {unknown}
 m - a scroll of immolation {unknown}
Potions
 d - a potion of curing
 e - 2 potions of heal wounds
 f - a potion of haste
 g - 2 potions of magic
 h - a potion of berserk rage
 l - a potion of flight {unknown}
 n - 2 potions of might
 o - 6 potions of mutation
Miscellaneous
 q - a condenser vane


   Skills:
 - Level 1.5 Dodging
 - Level 2.1 Stealth
 - Level 2.0 Spellcasting
 - Level 0.7 Transmutations
 + Level 20.1 Earth Magic


You had 5 spell levels left.
You knew the following spells:

 Your Spells              Type           Power      Damage    Failure   Level
a - Sandblast             Erth           100%       2d20      0%          1
e - Lee's Rapid Deconstr  Erth           34%        3d18*     1%          5

Your spell library contained the following spells:

 Spells                   Type           Power      Damage    Failure   Level
 Passwall                 Tmut/Erth      34%        N/A       1%          2
 Stone Arrow              Conj/Erth      80%        3d12      1%          3
 Petrify                  Tmut/Erth      41%        N/A       2%          4
 Animate Skeleton         Necr           2%         N/A       17%         1
 Apportation              Tloc           2%         N/A       17%         1
 Corona                   Hex            1%         N/A       17%         1
 Magic Dart               Conj           4%         1d3       17%         1
 Summon Small Mammal      Summ           4%         N/A       17%         1
 Blink                    Tloc           N/A        N/A       26%         2
 Call Imp                 Summ           1%         N/A       26%         2
 Slow                     Hex            1%         N/A       26%         2
 Conjure Flame            Conj/Fire      1%         6-21      45%         3
 Mephitic Cloud           Conj/Pois/Air  1%         N/A       45%         3


Dungeon Overview and Level Annotations

Branches:
Dungeon (1/1)

Altars:
Cheibriados
Dithmenos
Elyvilon
Fedhas
Gozag
Hepliaklqana
Kikubaaqudgha
Makhleb
Nemelex Xobeh
Okawaru
Qazlal
Ru
Sif Muna
Trog
Uskayaw
Vehumet
Wu Jian
Xom
Yredelemnul
Zin
The Shining One
Beogh
Jiyva
Lugonu


Innate Abilities, Weirdness & Mutations

Your stone body is resilient. (AC +5)
You are immune to poison.
You resist negative energy. (rN+)
You are resistant to electric shocks. (rElec)
You are resistance to unholy torment.
You can survive without breathing.
You are immune to petrification.


Message History

The two-headed ogre misses you. The two-headed ogre barely misses you.
A two-headed ogre comes into view.
It is wielding two +0 giant spiked clubs.
Casting: Lee's Rapid Deconstruction (safe; 1% risk of failure)
Confirm with . or Enter, or press ? or * to list all spells.
Aiming: Lee's Rapid Deconstruction (safe; 1% risk of failure)
Press: ? - help, Dir - move target A rock wall.
The wall shatters!
The blast of rock fragments hits the two-headed ogre!
The two-headed ogre is heavily wounded.
The blast of rock fragments hits the two-headed ogre!!
The two-headed ogre is heavily wounded.
Unknown command.
Casting: Lee's Rapid Deconstruction (safe; 1% risk of failure)
Confirm with . or Enter, or press ? or * to list all spells.
Aiming: Lee's Rapid Deconstruction (safe; 1% risk of failure)
Press: ? - help, Dir - move target A rock wall.
The wall shatters!
The blast of rock fragments hits the two-headed ogre!!
You kill the two-headed ogre!
Vehumet accepts your kill.
The blast of rock fragments hits the two-headed ogre!!
The two-headed ogre is severely wounded.
The two-headed ogre barely misses you.
The two-headed ogre hits you with a +0 giant club.
Your Earth Magic skill increases to level 20!
Unknown command.
Unknown command.
There is an open door here.
There is an open door here.
The two-headed ogre hits you with a +0 giant club!!
Ouch! That really hurt!
The two-headed ogre hits you with a +0 giant club!
* * * LOW HITPOINT WARNING * * *
There is a fountain of clear blue water here.
There is an open door to the Ecumenical Temple here.
The two-headed ogre closely misses you.
The two-headed ogre hits you with a +0 giant club!!
You die...

▓▓▓▓▓▓▓▓▓ ▓▓
▓<..#...#### ##.
▓...#......#####..
▓..##....)..#..#..
▓##.##O##...#..#..
##.##.###..##'#..
▓#.####.##..###...
▓@###..##..####...
▓#O.O..##.O###....
###..##...##.O...
##..##....#......
#..###..##.#.....
#[.# #..#####....
▓▓▓▓ ▓▓▓▓ ▓▓▓▓▓


You could see 2 two-headed ogres.

Vanquished Creatures
  A deep elf pyromancer (D)
  A shadow (D)
  A spatial vortex (D)
  A necrophage (D)
  A two-headed ogre (D)
  A water elemental (D)
  A jelly (D)
  Jessica (D)
  A wizard (D)
  A necromancer (D)
  A kobold demonologist (D)
  3 humans (D)
  A wolf (D)
  2 oozes (D)
17 creatures vanquished.

Notes
Turn   | Place    | Note
-------+----------+-------------------------------------------
     0 | D        | sahdkjhfkaj the Gargoyle Earth Elementalist began the quest
                  | for the Orb.
     0 | D        | Reached XP level 1. HP: 10/10 MP: 3/3
    13 | D        | Reached skill level 5 in Earth Magic
    48 | D        | Reached skill level 6 in Earth Magic
    48 | D        | Reached XP level 2. HP: 15/15 MP: 1/5
   101 | D        | Noticed Jessica
   104 | D        | Killed Jessica
   105 | D        | Reached skill level 8 in Earth Magic
   105 | D        | Reached XP level 3. HP: 19/19 MP: 3/6
   152 | D        | Reached skill level 9 in Earth Magic
   157 | D        | Reached skill level 10 in Earth Magic
   157 | D        | Reached XP level 4. HP: 24/24 MP: 0/7
   221 | D        | Noticed a water elemental
   223 | D        | Killed a water elemental
   224 | D        | Reached skill level 11 in Earth Magic
   224 | D        | Reached XP level 5. HP: 28/28 MP: 5/8
   257 | D        | Learned a level 5 spell: Lee's Rapid Deconstruction
   260 | D        | Found a glowing silver altar of Zin.
   260 | D        | Found a glowing golden altar of the Shining One.
   260 | D        | Found a white marble altar of Elyvilon.
   260 | D        | Noticed a deep elf pyromancer
   262 | D        | Killed a deep elf pyromancer
   263 | D        | Reached skill level 17 in Earth Magic
   263 | D        | Reached XP level 6. HP: 32/32 MP: 2/9
   263 | D        | Reached XP level 7. HP: 36/36 MP: 2/10
   333 | D        | Found a radiant altar of Vehumet.
   334 | D        | Found a shimmering blue altar of Sif Muna.
   334 | D        | Found an ancient bone altar of Kikubaaqudgha.
   420 | D        | Found a hide-covered altar of Uskayaw.
   420 | D        | Found an iron altar of Okawaru.
   420 | D        | Found a bloodstained altar of Trog.
   420 | D        | Found an ornate altar of the Wu Jian Council.
   420 | D        | Noticed a human
   420 | D        | Noticed a human
   422 | D        | Killed a human
   422 | D        | Killed a human
   423 | D        | Reached skill level 18 in Earth Magic
   423 | D        | Reached XP level 8. HP: 41/41 MP: 0/11
   514 | D        | Found a shadowy altar of Dithmenos.
   514 | D        | Found a sacrificial altar of Ru.
   518 | D        | Reached skill level 19 in Earth Magic
   604 | D        | Killed a shadow
   751 | D        | Became a worshipper of Vehumet
   770 | D        | Found a blossoming altar of Fedhas.
   770 | D        | Found a stormy altar of Qazlal.
   770 | D        | Found a snail-covered altar of Cheibriados.
   770 | D        | Found a burning altar of Makhleb.
   770 | D        | Found a shimmering altar of Xom.
   771 | D        | Found a hazy altar of Hepliaklqana.
   771 | D        | Found an opulent altar of Gozag.
   771 | D        | Found a sparkling altar of Nemelex Xobeh.
   771 | D        | Found a corrupted altar of Lugonu.
   771 | D        | Found a viscous altar of Jiyva.
   861 | D        | Reached skill level 20 in Earth Magic
   901 | D        | Slain by a two-headed ogre

Illustrated notes

Levels and vault maps discovered:
D:        dungeon_sprint_mu [sprint_mu_entry_cave, sprint_mu_temple_rooms,
          sprint_mu_d1_spiders, sprint_mu_d2_genie, sprint_mu_d3_branching,
          sprint_mu_orc_legion, sprint_mu_elf_gauntlet, sprint_mu_hive_nellie,
          sprint_mu_lair_fedhas, sprint_mu_vaults_butterflies,
          sprint_mu_slime_circle, sprint_mu_swamp_cave, sprint_mu_snake_twists,
          sprint_mu_blade_basic, sprint_mu_crypt_chambers,
          sprint_mu_tomb_spiral, sprint_mu_vestibule_basic,
          sprint_mu_gehenna_hellfire, sprint_mu_dis_giant,
          sprint_mu_tartarus_statrot, sprint_mu_cocytus_islands, sprint_mu_zot1]

Skill      XL: |  1  2  3  4  5  6  7  8 |
---------------+-------------------------+-----
Earth Magic    | 6 8 10 11 17 18 20 | 20.1
Dodging        | |  1.5
Stealth        | |  2.1
Spellcasting   | |  2.0
Transmutations | |  0.7

Action                   |  1- 3 |  4- 6 |  7- 9 || total
-------------------------+-------+-------+-------++-------
Melee: Unarmed           |     3 |       |       ||     3
       Dagger            |       |       |     1 ||     1
 Cast: Sandblast         |    12 |     3 |     1 ||    16
       Lee's Rapid Decon |       |     1 |    12 ||    13
Armor: Robe              |       |       |     1 ||     1
Dodge: Dodged            |     3 |       |     5 ||     8

Table legend: (Time is in decaauts)
 A = Elapsed time spent in this place.
 B = Non-inter-level travel time spent in this place.
 C = Inter-level travel time spent in this place.
 D = Time resting spent in this place.
 E = Time spent auto-exploring this place.
 F = Levels seen in this place.
 G = Mean time per level.
                   A        B        C        D        E       F      G
               +--------+--------+--------+--------+--------+-----+--------+
         Total |    900 |    866 |     34 |    527 |    132 |   1 |  900.0 |
       Dungeon |    900 |    866 |     34 |    527 |    132 |   1 |  900.0 |
               +--------+--------+--------+--------+--------+-----+--------+

Top non-repeatable levels by time:
       D: 900 daAuts
